[Event "January 2 Late 2024"]
[Site "https://www.chess.com"]
[Date "2024.01.02"]
[Round "11"]
[White "Seletsky, Grigory"]
[Black "Hajiyev, Kanan"]
[Result "1/2-1/2"]
[Board "90"]
[TimeControl "180+1"]
[WhiteFideId "14112191"]
[BlackFideId "13404148"]
[WhiteElo "2426"]
[BlackElo "2587"]
[WhiteTeam "UKR"]
[BlackTeam "AZE"]
[WhiteClock "0:00:39"]
[BlackClock "0:01:38"]

1. e4 c6 2. Nc3 d5 3. Nf3 a6 4. h3 h6 5. d4 dxe4 6. Nxe4 Bf5 7. Ng3 Bh7 8. Bd3 Bxd3 9. Qxd3 Nf6 10. Bd2 e6 11. O-O-O Bd6 12. Ne4 Nxe4 13. Qxe4 Nd7 14. Kb1 Nf6 15. Qe2 Qc7 16. c4 c5 17. Bc3 cxd4 18. Bxd4 O-O-O 19. Ne5 Bxe5 20. Bxe5 Qc6 21. f4 Rxd1+ 22. Rxd1 Rd8 23. Rxd8+ Kxd8 24. b3 Ke7 25. Kb2 b5 26. g4 g6 27. Bxf6+ Kxf6 28. Qe5+ Ke7 29. c5 b4 30. g5 Qg2+ 31. Kb1 hxg5 32. Qd6+ Ke8 33. Qb8+ Ke7 34. Qd6+ Kf6 35. Qe5+ Ke7 36. Qc7+ Kf8 37. Qd6+ Kg8 38. fxg5 Qf1+ 39. Kb2 Qe2+ 40. Kb1 Qe1+ 41. Kb2 Qc3+ 42. Kb1 Qe1+ 43. Kb2 Qe2+ 44. Kb1 Qf1+ 45. Kb2 Qf2+ 46. Kb1 Qg1+ 47. Kb2 Qg2+ 48. Kb1 Qf1+ 1/2-1/2

[Event "January 2 Late 2024"]
[Site "https://www.chess.com"]
[Date "2024.01.02"]
[Round "11"]
[White "Palczert, Matyas"]
[Black "Alvarado, Carlos"]
[Result "1-0"]
[Board "91"]
[TimeControl "180+1"]
[WhiteFideId "784958"]
[BlackFideId "3800555"]
[WhiteElo "2555"]
[BlackElo "2421"]
[WhiteTeam "HUN"]
[BlackTeam "PER"]
[WhiteClock "0:00:19"]
[BlackClock "0:00:04"]

1. d4 d5 2. e4 dxe4 3. Nc3 Nf6 4. f3 exf3 5. Nxf3 c6 6. Bc4 e6 7. O-O Be7 8. Bg5 O-O 9. Bd3 Na6 10. a3 Nc7 11. Qe2 Ncd5 12. Ne4 Nd7 13. Bxe7 Qxe7 14. Ne5 c5 15. Qh5 g6 16. Qh6 f5 17. Nxd7 Bxd7 18. Nxc5 b6 19. Nxd7 Qxd7 20. Rae1 Rfe8 21. h4 Qg7 22. Qxg7+ Kxg7 23. Bc4 Rac8 24. Bb3 Kf6 25. Re5 Nc7 26. Rfe1 Rcd8 27. c3 Rd6 28. d5 Re7 29. dxe6 Rd2 30. R1e2 Rxb2 31. Rxf5+ gxf5 32. Rxb2 Nb5 33. Rf2 Nxc3 34. g4 Rg7 35. Rxf5+ Ke7 36. Rf7+ Rxf7 37. exf7 b5 38. g5 Nb1 39. h5 Nxa3 40. g6 hxg6 41. h6 Nc4 42. Bxc4 bxc4 43. h7 c3 44. h8=Q Kxf7 45. Qxc3 1-0

[Event "January 2 Late 2024"]
[Site "https://www.chess.com"]
[Date "2024.01.02"]
[Round "11"]
[White "AmanteDeMoi"]
[Black "Karpov, Vadim"]
[Result "1-0"]
[Board "92"]
[TimeControl "180+1"]
[BlackFideId "4155025"]
[WhiteElo "2547"]
[BlackElo "2416"]
[BlackTeam "RUS"]
[WhiteClock "0:02:23"]
[BlackClock "0:01:12"]

1. Nf3 e6 2. e3 d5 3. c4 Nf6 4. b3 Be7 5. Bb2 O-O 6. Be2 c5 7. O-O Nc6 8. cxd5 Nxd5 9. Qc1 b6 10. d4 Bb7 11. dxc5 Bxc5 12. Rd1 Qe7 13. e4 Nf6 14. Qg5 Bxf2+ 15. Kf1 Bc5 16. Rd7 h6 17. Rxe7 hxg5 18. Rxb7 Nxe4 19. Nc3 Nd6 20. Rc7 Nb4 21. Nxg5 Nf5 22. Nce4 Ne3+ 23. Kg1 Ned5+ 24. Rxc5 bxc5 25. a3 Nc2 26. Rc1 Nd4 27. Bd1 Rab8 28. Nxc5 Ne3 29. Bxd4 1-0

[Event "January 2 Late 2024"]
[Site "https://www.chess.com"]
[Date "2024.01.02"]
[Round "11"]
[White "Estrada Nieto, Julian"]
[Black "Bouget, Alexandre"]
[Result "1-0"]
[Board "93"]
[TimeControl "180+1"]
[WhiteFideId "5101018"]
[BlackFideId "681318"]
[WhiteElo "2504"]
[BlackElo "2404"]
[WhiteTeam "ESP"]
[BlackTeam "FRA"]
[WhiteClock "0:00:24"]
[BlackClock "0:00:00"]

1. Nf3 d5 2. c4 Nf6 3. b3 c5 4. cxd5 Nxd5 5. Bb2 Nc6 6. g3 e6 7. Bg2 Nf6 8. O-O Be7 9. d4 O-O 10. dxc5 Bxc5 11. Nbd2 a5 12. Qc2 Ba7 13. Ng5 Nd4 14. Qd3 h6 15. Ngf3 Nxf3+ 16. Nxf3 Qxd3 17. exd3 Rd8 18. Ne5 Bd4 19. Bxd4 Rxd4 20. Rac1 Nd5 21. Nc4 Bd7 22. Bxd5 exd5 23. Nb6 Rd8 24. Nxd7 Rxd7 25. Rc3 Re7 26. Rd1 Re2 27. a3 Rb2 28. Kf1 b5 29. a4 bxa4 30. bxa4 Rxa4 31. Rc5 Raa2 32. Rxd5 Rxf2+ 33. Kg1 Rg2+ 34. Kf1 Rxh2 35. Kg1 a4 36. Rd8+ Kh7 37. Ra8 Kg6 38. Rxa4 Rhg2+ 39. Kf1 Rgf2+ 40. Kg1 Rg2+ 41. Kf1 Raf2+ 42. Ke1 Re2+ 43. Kf1 Rgf2+ 44. Kg1 Rf3 45. Rg4+ Kf6 46. d4 g5 47. d5 h5 48. d6 1-0

[Event "January 2 Late 2024"]
[Site "https://www.chess.com"]
[Date "2024.01.02"]
[Round "11"]
[White "Bold, Andre"]
[Black "RemcoSpr"]
[Result "0-1"]
[Board "94"]
[TimeControl "180+1"]
[WhiteFideId "16208471"]
[WhiteElo "2492"]
[BlackElo "2399"]
[WhiteTeam "GER"]
[WhiteClock "0:00:23"]
[BlackClock "0:00:39"]

1. d4 Nf6 2. Nf3 c5 3. c3 d5 4. e3 g6 5. dxc5 Bg7 6. b4 a5 7. Bb2 Ne4 8. Qb3 a4 9. Qc2 a3 10. Bc1 Nc6 11. Nd4 e5 12. Nxc6 bxc6 13. Bxa3 O-O 14. Bb2 f5 15. Nd2 f4 16. Nxe4 fxe3 17. fxe3 dxe4 18. Bc4+ Kh8 19. Qxe4 Bf5 20. Qxc6 Qh4+ 21. g3 Qxc4 22. Qd6 Rad8 23. Qe7 Bg4 0-1

[Event "January 2 Late 2024"]
[Site "https://www.chess.com"]
[Date "2024.01.02"]
[Round "11"]
[White "Stojanovski, Sandi"]
[Black "Ambrogi, Agustin"]
[Result "0-1"]
[Board "95"]
[TimeControl "180+1"]
[WhiteFideId "1403249"]
[BlackFideId "170933"]
[WhiteElo "2482"]
[BlackElo "2392"]
[WhiteTeam "DEN"]
[BlackTeam "ARG"]
[WhiteClock "0:00:07"]
[BlackClock "0:01:49"]

1. c4 Nf6 2. Nc3 g6 3. e4 d6 4. d4 Bg7 5. Nf3 O-O 6. Be2 e5 7. O-O Nc6 8. Be3 Ng4 9. Bg5 f6 10. Bc1 f5 11. d5 Nd4 12. Nxd4 exd4 13. Nb5 Ne5 14. exf5 Bxf5 15. Nxd4 Qh4 16. Nxf5 Rxf5 17. Be3 Nxc4 18. Bxc4 Qxc4 19. Rc1 Qxd5 20. Rxc7 Qxd1 21. Rxd1 Rf7 22. Rxf7 Kxf7 23. b3 Ke6 24. Rc1 a5 25. Rc7 a4 26. g4 Be5 27. Rxb7 a3 28. Rxh7 Rc8 29. Ra7 Bb2 30. Kg2 Ke5 31. h4 Ke4 32. h5 gxh5 33. gxh5 Kd3 34. h6 Kc2 35. h7 Kb1 36. Rxa3 Bxa3 37. Bd4 Bb2 38. h8=Q Rxh8 39. Bxh8 Bxh8 40. Kf3 Kxa2 41. Ke4 Kxb3 42. Kd5 Be5 43. Ke4 Kc4 44. f4 Bxf4 45. Kxf4 0-1

[Event "January 2 Late 2024"]
[Site "https://www.chess.com"]
[Date "2024.01.02"]
[Round "11"]
[White "Tikhonov, Viacheslav"]
[Black "Khodabandeh, Milad"]
[Result "1-0"]
[Board "96"]
[TimeControl "180+1"]
[WhiteFideId "44196407"]
[BlackFideId "12538620"]
[WhiteElo "2475"]
[BlackElo "2387"]
[WhiteTeam "RUS"]
[BlackTeam "IRI"]
[WhiteClock "0:02:01"]
[BlackClock "0:00:50"]

1. d4 d5 2. c4 c6 3. Nf3 Nf6 4. e3 e6 5. Nbd2 Bd6 6. Bd3 O-O 7. O-O Nbd7 8. e4 dxe4 9. Nxe4 Nxe4 10. Bxe4 f5 11. Bc2 e5 12. c5 Bb8 13. Bb3+ Kh8 14. Ng5 Qf6 15. Nxh7 Qg6 16. Nxf8 Nxf8 17. dxe5 Bxe5 18. Qd8 Qf6 19. Rd1 g6 20. Bh6 Qxd8 21. Rxd8 Bg7 22. Rxf8+ Bxf8 23. Bxf8 Bd7 24. Rd1 1-0

[Event "January 2 Late 2024"]
[Site "https://www.chess.com"]
[Date "2024.01.02"]
[Round "11"]
[White "Gaal, Zsoka"]
[Black "Paragua, Megan Althea"]
[Result "0-1"]
[Board "97"]
[TimeControl "180+1"]
[WhiteFideId "777765"]
[BlackFideId "30973007"]
[WhiteElo "2468"]
[BlackElo "2377"]
[WhiteTeam "HUN"]
[BlackTeam "USA"]
[WhiteClock "0:00:01"]
[BlackClock "0:00:07"]

1. e4 c5 2. Nf3 Nf6 3. g3 Nxe4 4. Bg2 Nf6 5. O-O d6 6. Re1 e6 7. d4 cxd4 8. Nxd4 Be7 9. c4 O-O 10. Nc3 a6 11. b3 Qc7 12. Bb2 Nc6 13. Nc2 b6 14. b4 Bb7 15. Ne3 Nxb4 16. Qb3 Nc6 17. Na4 Bd8 18. Rac1 Na5 19. Qa3 Bxg2 20. Kxg2 Qc6+ 21. Kg1 Be7 22. Nd5 exd5 23. Rxe7 Nxc4 24. Bxf6 gxf6 25. Qf3 Ne5 26. Qf4 Qb5 27. Qxf6 Ng6 28. Nc3 Qb2 29. Qg5 Rac8 30. Re2 Qb4 31. Nxd5 Rxc1+ 32. Qxc1 Qd4 33. Ne3 Qg7 34. Nf5 Qf6 35. Qb1 d5 36. h4 h5 37. Rd2 Rd8 38. Ne3 d4 39. Nc4 b5 40. Na5 Ne5 41. Qe4 Nf3+ 42. Kg2 Nxd2 43. Nc6 Nxe4 0-1

[Event "January 2 Late 2024"]
[Site "https://www.chess.com"]
[Date "2024.01.02"]
[Round "11"]
[White "Lalanne, Pablo"]
[Black "Lopusiewicz, Piotr"]
[Result "0-1"]
[Board "98"]
[TimeControl "180+1"]
[WhiteFideId "112151"]
[BlackFideId "1116029"]
[WhiteElo "2319"]
[BlackElo "2452"]
[WhiteTeam "ARG"]
[BlackTeam "POL"]
[WhiteClock "0:00:23"]
[BlackClock "0:00:17"]

1. e4 e5 2. Nf3 Nc6 3. Bb5 a6 4. Ba4 Nf6 5. O-O Be7 6. Re1 b5 7. Bb3 O-O 8. a4 Na5 9. Ba2 d6 10. d4 exd4 11. Nxd4 c5 12. Nf3 Bb7 13. Nbd2 h6 14. e5 dxe5 15. Nxe5 c4 16. Ndf3 Qc7 17. Bf4 Bd6 18. Bg3 Rad8 19. Qe2 Rfe8 20. Rad1 Bxf3 21. Qxf3 Bxe5 22. Rxd8 Qxd8 23. Bxe5 Qd5 24. Qxd5 Nxd5 25. axb5 axb5 26. Kf1 Re6 27. b3 Nb4 28. Bb1 Nac6 29. Bc3 Nd5 30. Rxe6 fxe6 31. Bd2 c3 32. Bc1 b4 33. Ke2 Kf7 34. Kd3 Nb6 35. Be3 Ne5+ 36. Ke4 Ned7 37. Kd4 Ke7 38. Kd3 Kd6 39. Bd4 e5 40. Be3 Nc5+ 41. Ke2 Kd5 42. f3 Nc8 43. g4 Nd6 44. h4 Ne6 45. Kd3 Nf4+ 46. Bxf4 exf4 47. g5 h5 48. Ke2 g6 49. Kd3 Nf5 50. Ke2 Kd4 51. Kf2 Nxh4 52. Ke2 Nf5 53. Kf2 Ng7 54. Ke2 Ne6 55. Kf2 Nxg5 56. Kg2 Ne6 57. Kf2 g5 58. Ke2 g4 0-1

[Event "January 2 Late 2024"]
[Site "https://www.chess.com"]
[Date "2024.01.02"]
[Round "11"]
[White "Chocenka, Dmitrijus"]
[Black "Vifleemskaia, Svetlana"]
[Result "1-0"]
[Board "99"]
[TimeControl "180+1"]
[WhiteFideId "12802336"]
[BlackFideId "4129490"]
[WhiteElo "2450"]
[BlackElo "2260"]
[WhiteTeam "LTU"]
[BlackTeam "RUS"]
[WhiteClock "0:00:28"]
[BlackClock "0:00:00"]

1. e4 e5 2. Nf3 Nc6 3. Bc4 Nf6 4. d3 Be7 5. c3 O-O 6. O-O d5 7. exd5 Nxd5 8. Re1 Nb6 9. Bb3 Bf6 10. a4 a5 11. Bc2 Bf5 12. Na3 h6 13. Be3 Nd5 14. Nc4 Re8 15. Bd2 Qd7 16. h3 Rad8 17. Qc1 Kh7 18. Rd1 g5 19. Ne3 Bg6 20. Nxd5 Qxd5 21. Be3 Kg7 22. d4 e4 23. Nd2 Qd7 24. Qb1 Qe6 25. Re1 Kg8 26. Ra3 Bg7 27. Nf1 Kh7 28. Rb3 b6 29. Rb5 f5 30. d5 Rxd5 31. Bb3 Ne7 32. Bd4 Bxd4 33. cxd4 Qd7 34. Bxd5 Nxd5 35. Ne3 c6 36. Nxd5 cxd5 37. Rxb6 f4 38. b4 axb4 39. Qxb4 Re7 40. a5 e3 41. fxe3 fxe3 42. a6 Qf5 43. Qxe7+ Bf7 44. Qxe3 1-0

[Event "January 2 Late 2024"]
[Site "https://www.chess.com"]
[Date "2024.01.02"]
[Round "11"]
[White "Gonzalez Zharikov, Andrey"]
[Black "Vujacic, Igor"]
[Result "1-0"]
[Board "100"]
[TimeControl "180+1"]
[WhiteFideId "5145287"]
[BlackFideId "932620"]
[WhiteElo "2307"]
[BlackElo "2444"]
[WhiteTeam "MEX"]
[BlackTeam "MNE"]
[WhiteClock "0:00:47"]
[BlackClock "0:00:04"]

1. Nf3 d5 2. c4 d4 3. b4 g5 4. h3 Bg7 5. d3 h6 6. Nbd2 e5 7. Bb2 a5 8. a3 Ne7 9. e3 Nf5 10. exd4 exd4 11. Be2 O-O 12. O-O Nc6 13. b5 Nb8 14. Ne4 Be6 15. Re1 b6 16. a4 Ne7 17. Ba3 Re8 18. Rc1 Nd7 19. Nfd2 f5 20. Ng3 Nf6 21. Bf3 Rb8 22. Nh5 Ng6 23. Nxg7 Kxg7 24. Bc6 Bd7 25. Bxd7 Qxd7 26. Nf3 Nf4 27. Qd2 Re6 28. Rxe6 Nxe6 29. Bb2 Nh5 30. Re1 Nhf4 31. Ne5 Qd6 32. Nc6 Re8 33. Nxd4 Kg6 34. Nxe6 Rxe6 35. Rxe6+ Qxe6 36. d4 Qe4 37. f3 Qb1+ 38. Kh2 Nd3 39. Bc3 h5 40. d5 h4 41. Bd4 Kh5 42. Qe2 Nf4 43. Qe8+ Kh6 44. Qh8+ Kg6 45. Qg7+ Kh5 46. Qh7# 1-0

[Event "January 2 Late 2024"]
[Site "https://www.chess.com"]
[Date "2024.01.02"]
[Round "11"]
[White "Gardezi, Arsal"]
[Black "Xie, Bryan"]
[Result "1-0"]
[Board "101"]
[TimeControl "180+1"]
[WhiteFideId "30949521"]
[BlackFideId "30941296"]
[WhiteElo "2163"]
[BlackElo "2441"]
[WhiteTeam "USA"]
[BlackTeam "USA"]
[WhiteClock "0:00:18"]
[BlackClock "0:00:26"]

1. e4 c5 2. Nf3 Nc6 3. d4 cxd4 4. Nxd4 g6 5. c4 Nf6 6. Nc3 d6 7. Be2 Nxd4 8. Qxd4 Bg7 9. f3 O-O 10. Qd1 a5 11. Be3 a4 12. a3 Qa5 13. Qd2 Be6 14. O-O Rfc8 15. Nd5 Nxd5 16. exd5 Qxd2 17. Bxd2 Bf5 18. Bc3 Bxc3 19. bxc3 Bc2 20. Rfe1 Kf8 21. Bf1 Bb3 22. Re4 Rc5 23. Rae1 Rc7 24. h4 Rac8 25. Kh2 Bxc4 26. Bxc4 Rxc4 27. Rxe7 Rxh4+ 28. Kg3 Rxc3 29. Kxh4 Rxa3 30. Rxb7 Rd3 31. Ra7 a3 32. Re2 h6 33. Ra6 Rd4+ 34. Kg3 Rxd5 35. Rxa3 Kg7 36. Ra7 Rg5+ 37. Kf2 d5 38. Rd7 Kf6 39. Rd6+ Kg7 40. Rd2 Rf5 41. R6xd5 Rf6 42. Rd7 h5 43. Kg3 Rf5 44. R2d5 Rf6 45. Rc7 Kg8 46. Kh4 Kg7 47. Kg5 Ra6 48. g4 hxg4 49. Kxg4 Rf6 50. f4 Kg8 51. Kg5 Ra6 52. f5 Ra1 53. Rd8+ Kg7 54. f6+ Kh7 55. Rxf7# 1-0

[Event "January 2 Late 2024"]
[Site "https://www.chess.com"]
[Date "2024.01.02"]
[Round "11"]
[White "Pepino, Enrico"]
[Black "Baules Rodriguez, Jorge Luis"]
[Result "0-1"]
[Board "102"]
[TimeControl "180+1"]
[WhiteFideId "810908"]
[BlackFideId "6600247"]
[WhiteElo "2090"]
[BlackElo "2437"]
[WhiteTeam "ITA"]
[BlackTeam "PAN"]
[WhiteClock "0:00:17"]
[BlackClock "0:00:18"]

1. e4 c5 2. Nf3 d6 3. d4 cxd4 4. Nxd4 Nf6 5. Nc3 g6 6. Be3 Bg7 7. f3 O-O 8. Qd2 Nc6 9. Bc4 Bd7 10. Bb3 Rc8 11. O-O Na5 12. Kh1 a6 13. Rad1 b5 14. Nde2 Nc4 15. Bxc4 Rxc4 16. b3 Rc8 17. Nd5 Nxd5 18. exd5 Qc7 19. Rc1 Bb2 20. Rb1 Bg7 21. Rbc1 Qb7 22. c4 bxc4 23. bxc4 e5 24. Rb1 Qc7 25. Rfc1 Rfe8 26. Bb6 Qb8 27. Be3 Qa8 28. Qa5 Bf5 29. Rb6 Bd3 30. Rxa6 Qb7 31. Rb6 Qd7 32. Qd2 Bxc4 33. Ng3 f5 34. Nf1 Bf8 35. Bg1 Qf7 36. Ne3 Bh6 37. Qb4 Bxd5 38. Rxc8 Rxc8 39. Nxd5 Qxd5 40. Rxd6 Qxa2 41. h4 Bf8 42. Qb7 Re8 43. Ra6 Qc4 44. Kh2 Qxh4# 0-1

[Event "January 2 Late 2024"]
[Site "https://www.chess.com"]
[Date "2024.01.02"]
[Round "11"]
[White "Biernacki, Mark"]
[Black "Avramidou, Anastasia"]
[Result "0-1"]
[Board "103"]
[TimeControl "180+1"]
[WhiteFideId "2082322"]
[BlackFideId "4239873"]
[WhiteElo "2326"]
[BlackElo "2532"]
[WhiteTeam "USA"]
[BlackTeam "GRE"]
[WhiteClock "0:00:16"]
[BlackClock "0:00:54"]

1. e4 g6 2. d4 Bg7 3. f4 d6 4. Nf3 a6 5. c3 Nf6 6. Bd3 O-O 7. O-O c5 8. e5 Nd5 9. Be4 e6 10. Qe2 Nc6 11. dxc5 dxe5 12. fxe5 Nxe5 13. Nxe5 Bxe5 14. Rd1 Qc7 15. h3 Qxc5+ 16. Kh1 Bg7 17. Bxd5 exd5 18. Be3 Qe7 19. Qf2 Re8 20. Bc5 Qe2 21. Nd2 Qxf2 22. Bxf2 Re2 23. Kg1 Bf5 24. Rac1 Bh6 25. Be1 Rae8 26. Kf1 Bd3 27. Kg1 R8e6 28. b3 b5 29. a4 Bf4 30. axb5 axb5 31. c4 bxc4 32. bxc4 dxc4 33. Ra1 Rxe1+ 34. Rxe1 Rxe1+ 35. Rxe1 Bxd2 36. Re8+ Kg7 37. Rd8 c3 38. Rxd3 c2 39. Rxd2 c1=Q+ 0-1

[Event "January 2 Late 2024"]
[Site "https://www.chess.com"]
[Date "2024.01.02"]
[Round "11"]
[White "Kotlyar, Kirill"]
[Black "Eggleston, Thomas A"]
[Result "1-0"]
[Board "104"]
[TimeControl "180+1"]
[WhiteFideId "24145599"]
[BlackFideId "412139"]
[WhiteElo "2510"]
[BlackElo "2290"]
[WhiteTeam "RUS"]
[BlackTeam "ENG"]
[WhiteClock "0:00:57"]
[BlackClock "0:00:01"]

1. e4 e6 2. Nf3 d5 3. Nc3 c5 4. exd5 exd5 5. Bb5+ Bd7 6. Qe2+ Be7 7. Nxd5 Nc6 8. O-O Be6 9. Nf4 Bd7 10. Re1 Kf8 11. Nd5 Bd6 12. b3 Nf6 13. Nxf6 Qxf6 14. Rb1 Re8 15. Qf1 Rxe1 16. Qxe1 Qg6 17. Bb2 Bh3 18. Bf1 h5 19. Qe3 h4 20. Re1 Be6 21. Ng5 Bd7 22. Bd3 Qh5 23. Bf5 Be8 24. Qxe8# 1-0

[Event "January 2 Late 2024"]
[Site "https://www.chess.com"]
[Date "2024.01.02"]
[Round "11"]
[White "Andersson, Bjorn 1971"]
[Black "Horak, Martin"]
[Result "0-1"]
[Board "105"]
[TimeControl "180+1"]
[WhiteFideId "1702114"]
[BlackFideId "367095"]
[WhiteElo "2257"]
[BlackElo "2482"]
[WhiteTeam "SWE"]
[BlackTeam "CZE"]
[WhiteClock "0:00:08"]
[BlackClock "0:00:48"]

1. e4 c5 2. Nf3 a6 3. d4 cxd4 4. Nxd4 Nf6 5. Nc3 e5 6. Nb3 Bb4 7. Bd3 O-O 8. O-O Bxc3 9. bxc3 d6 10. c4 Qc7 11. Bg5 Nfd7 12. Nc1 Nc5 13. Ne2 Be6 14. Rc1 Nbd7 15. Nc3 Rac8 16. Kh1 f6 17. Be3 Qa5 18. Nd5 Bxd5 19. exd5 Qxa2 20. Bf5 Qxc4 21. Bxc5 Nxc5 22. Bxc8 Rxc8 23. Rb1 b5 24. f4 e4 25. Qg4 Re8 26. Rfe1 a5 27. Re3 b4 28. Rg3 Re7 29. Qc8+ Kf7 30. Qf5 g6 31. Qh3 Kg7 32. Qc8 Qxc2 33. Rf1 e3 34. Qd8 Qe4 35. Qxd6 Nd3 36. Kg1 e2 37. Rb1 Qd4+ 38. Kh1 Nf2+ 39. Kg1 Nh3+ 40. Kh1 Qg1+ 41. Rxg1 Nf2# 0-1

[Event "January 2 Late 2024"]
[Site "https://www.chess.com"]
[Date "2024.01.02"]
[Round "11"]
[White "Balla, Tamas-Kristof"]
[Black "Curtis, John"]
[Result "1-0"]
[Board "106"]
[TimeControl "180+1"]
[WhiteFideId "1208497"]
[BlackFideId "3200256"]
[WhiteElo "2445"]
[BlackElo "2240"]
[WhiteTeam "ROU"]
[BlackTeam "AUS"]
[WhiteClock "0:00:15"]
[BlackClock "0:00:13"]

1. e4 e5 2. Nf3 Nc6 3. d4 exd4 4. Nxd4 Nf6 5. Nxc6 bxc6 6. e5 Nd5 7. c4 Bb4+ 8. Bd2 Bxd2+ 9. Qxd2 Ne7 10. Bd3 Ng6 11. O-O O-O 12. Re1 d6 13. exd6 Qxd6 14. Nc3 Rd8 15. Rad1 Bf5 16. Ne4 Bxe4 17. Rxe4 c5 18. h3 Ne5 19. Qe2 f6 20. Bc2 Qf8 21. Re1 Nc6 22. Rh4 Qd6 23. Bxh7+ Kf8 24. Bg6 Ne5 25. Be4 Qd2 26. Bxa8 Qxe2 27. Rxe2 Rb8 28. Rh8+ 1-0

[Event "January 2 Late 2024"]
[Site "https://www.chess.com"]
[Date "2024.01.02"]
[Round "11"]
[White "Filipovic, Slobodan J"]
[Black "Rose, Felix"]
[Result "1-0"]
[Board "107"]
[TimeControl "180+1"]
[WhiteFideId "939633"]
[BlackFideId "5105722"]
[WhiteElo "2407"]
[BlackElo "2240"]
[WhiteTeam "SRB"]
[BlackTeam "MEX"]
[WhiteClock "0:00:53"]
[BlackClock "0:00:10"]

1. e4 e5 2. Nf3 Nc6 3. Nc3 Nf6 4. Bb5 Bb4 5. Bxc6 dxc6 6. d3 Bd6 7. O-O h6 8. Ne2 O-O 9. Ng3 Re8 10. h3 Bf8 11. b3 g6 12. Bb2 Nd7 13. Nh2 Bg7 14. Qd2 h5 15. f4 exf4 16. Bxg7 fxg3 17. Qh6 gxh2+ 18. Kh1 f6 19. Qxg6 Ne5 20. Qh6 Bxh3 21. gxh3 Re6 22. Rxf6 Rxf6 23. Bxf6 Qf8 24. Qxf8+ Kxf8 25. Bxe5 Kf7 26. Rf1+ 1-0

[Event "January 2 Late 2024"]
[Site "https://www.chess.com"]
[Date "2024.01.02"]
[Round "11"]
[White "Skibbe, Willi"]
[Black "Ferriz Barrios, Andres"]
[Result "1-0"]
[Board "108"]
[TimeControl "180+1"]
[WhiteFideId "4682190"]
[BlackFideId "5104467"]
[WhiteElo "2393"]
[BlackElo "2217"]
[WhiteTeam "GER"]
[BlackTeam "MEX"]
[WhiteClock "0:01:13"]
[BlackClock "0:01:29"]

1. e4 e6 2. d4 d5 3. Nc3 dxe4 4. Nxe4 Nd7 5. Nf3 Ngf6 6. Nxf6+ Nxf6 7. g3 b6 8. Bb5+ Bd7 9. Qe2 Bxb5 10. Qxb5+ Qd7 11. Qxd7+ Nxd7 12. O-O h6 13. Bf4 Bd6 14. Bxd6 cxd6 15. Rfe1 Rc8 16. c3 O-O 17. a4 Rc4 18. Nd2 Rc7 19. Ne4 d5 20. Nd6 Nf6 21. Nb5 Rd7 22. a5 a6 23. Na3 b5 24. Nc2 Rc8 25. Nb4 Rd6 26. f3 g5 27. Kg2 Kg7 28. Re5 Nd7 29. Re2 h5 30. Rae1 Nf8 31. Re5 Kf6 32. Nd3 Ng6 33. R5e2 h4 34. Nc5 Rdc6 35. b4 hxg3 36. hxg3 Ne7 37. Nd7+ Kg7 38. Nc5 Ng6 39. Rh1 Rh8 40. Ree1 Rxh1 41. Rxh1 e5 42. Re1 exd4 43. cxd4 Kf6 44. Re8 Kg7 45. Ra8 Nf8 46. Rxa6 Rc7 47. Rd6 Re7 48. Kf2 Ng6 49. Rxd5 Re8 50. Rxg5 Rh8 51. Nd3 Rh2+ 52. Ke3 Kf6 53. Rxb5 Ne7 54. Rb6+ Kg7 55. Nf4 Rb2 56. Rb7 Nf5+ 57. Kd3 Nxg3 58. a6 Nf1 59. a7 Rd2+ 60. Kc3 Ra2 61. Ne6+ Kf6 62. Nc7 Ne3 63. a8=Q Nd5+ 64. Nxd5+ 1-0

[Event "January 2 Late 2024"]
[Site "https://www.chess.com"]
[Date "2024.01.02"]
[Round "11"]
[White "Bueno, Alfeu Junior Varela"]
[Black "Kovacevic, Radmila"]
[Result "1-0"]
[Board "109"]
[TimeControl "180+1"]
[WhiteFideId "2108879"]
[BlackFideId "933171"]
[WhiteElo "2379"]
[BlackElo "2194"]
[WhiteTeam "BRA"]
[BlackTeam "SRB"]
[WhiteClock "0:00:07"]
[BlackClock "0:00:40"]

1. e4 e5 2. Nc3 Nf6 3. f4 Nc6 4. fxe5 Nxe5 5. d4 Ng6 6. e5 Ng8 7. Nf3 d6 8. Bc4 c6 9. exd6 Bxd6 10. O-O Qc7 11. Ng5 Bxh2+ 12. Kh1 Nh6 13. Nxf7 Rf8 14. Qe2+ Ne7 15. Bxh6 gxh6 16. Qh5 Bf4 17. Rae1 b5 18. Nxb5 cxb5 19. Bxb5+ Bd7 20. Ne5+ Kd8 21. Nxd7 Rf5 22. Qg4 Rxb5 23. Rxf4 Qxd7 24. Rf8+ Kc7 25. Qxd7+ Kxd7 26. Rxa8 Nc6 27. c4 Rxb2 28. d5 Nd4 29. Rxa7+ Kd6 30. Rxh7 Rxa2 31. Rxh6+ Kc5 32. d6 Ra7 33. Re5+ Kxc4 34. Re7 Ra1+ 35. Kh2 Nc6 36. Rc7 Kb5 37. d7 Rd1 38. Rhxc6 Rxd7 39. Rxd7 Kxc6 40. Rf7 Kd6 41. g4 Ke6 42. Rf1 Ke5 43. g5 Ke6 44. g6 1-0

[Event "January 2 Late 2024"]
[Site "https://www.chess.com"]
[Date "2024.01.02"]
[Round "11"]
[White "Porat, Tori"]
[Black "Rios Escobar, Adan"]
[Result "1-0"]
[Board "110"]
[TimeControl "180+1"]
[WhiteFideId "30982626"]
[BlackFideId "3403645"]
[WhiteElo "2191"]
[BlackElo "2367"]
[WhiteTeam "USA"]
[BlackTeam "CHI"]
[WhiteClock "0:00:36"]
[BlackClock "0:00:07"]

1. d4 Nf6 2. c4 g6 3. Nc3 d5 4. Nf3 Bg7 5. Bg5 Ne4 6. Bf4 Nxc3 7. bxc3 O-O 8. e3 c5 9. cxd5 Qxd5 10. Be2 cxd4 11. cxd4 Qa5+ 12. Qd2 Nc6 13. Qxa5 Nxa5 14. O-O b6 15. Rac1 Be6 16. a3 Rfc8 17. h3 Rxc1 18. Rxc1 Rc8 19. Rxc8+ Bxc8 20. Ne5 g5 21. Bg3 f6 22. Nc4 Ba6 23. Nxa5 Bxe2 24. Nc6 a6 25. Nxe7+ Kf7 26. Nc8 b5 27. d5 Bf8 28. Nd6+ Ke7 29. Ne4 a5 30. d6+ Ke6 31. Nc5+ Kd5 32. d7 Be7 33. Nb7 b4 34. axb4 axb4 35. Bd6 Ke6 36. Bxe7 Kxd7 37. Bxb4 Ke6 38. Nc5+ Kf5 39. f3 h5 40. Kf2 Bc4 41. Bc3 Kg6 42. Nd7 f5 43. Ne5+ Kh6 44. Nxc4 g4 45. hxg4 hxg4 46. fxg4 fxg4 47. Bg7+ Kxg7 48. Kg3 Kg6 49. Kxg4 Kf6 50. Kf4 Ke6 51. g4 Kf6 52. g5+ Ke6 53. e4 Kf7 54. e5 Kg7 55. Kf5 Kf7 56. g6+ Kg7 57. e6 Kg8 58. Ne5 Kf8 59. Nd7+ Kg7 60. e7 Kh6 61. e8=Q Kg7 62. Qe5+ Kg8 63. Nf6+ Kf8 64. Qe8+ Kg7 65. Qg8+ Kh6 66. Qh8# 1-0

[Event "January 2 Late 2024"]
[Site "https://www.chess.com"]
[Date "2024.01.02"]
[Round "11"]
[White "Montano Vicente, Guadalupe"]
[Black "Obon Temprano, Sergi"]
[Result "1/2-1/2"]
[Board "111"]
[TimeControl "180+1"]
[WhiteFideId "5181399"]
[BlackFideId "2226545"]
[WhiteElo "2181"]
[BlackElo "2364"]
[WhiteTeam "MEX"]
[BlackTeam "ESP"]
[WhiteClock "0:00:12"]
[BlackClock "0:00:13"]

1. d4 d5 2. c4 c6 3. cxd5 cxd5 4. Nc3 Nf6 5. Bf4 Qb6 6. Qd2 Nc6 7. e3 Bf5 8. a3 e6 9. Nf3 Be7 10. Ne5 O-O 11. Be2 Na5 12. Na4 Qd8 13. Bd1 Ne4 14. Qe2 Rc8 15. f3 Nd6 16. O-O Nac4 17. Nc3 f6 18. Nxc4 Nxc4 19. Rc1 Qb6 20. Na4 Qa6 21. e4 dxe4 22. fxe4 Bg6 23. Bb3 b5 24. Bxc4 bxc4 25. Nc3 Qb6 26. Be3 Rfd8 27. d5 Bc5 28. Bxc5 Qxc5+ 29. Qf2 exd5 30. exd5 Qd6 31. Rfe1 Qd7 32. h3 Bf7 33. Red1 Qb7 34. Rc2 Qb6 35. Rcd2 Qxf2+ 36. Kxf2 Rc5 37. Rd4 Kf8 38. R1d2 Ke7 39. Kg3 Kd6 40. h4 Rb8 41. Kf4 Re8 42. g4 a6 43. g5 Rc7 44. gxf6 gxf6 45. Kf3 Rce7 46. Kf4 Re1 47. Rxc4 Rf1+ 48. Kg3 Bg6 49. Rc6+ Kd7 50. Rxa6 Re3+ 51. Kg2 Rf5 52. Ra7+ Kd6 53. Ra6+ Kd7 54. Ra7+ Kd6 55. Nb5+ Kc5 56. Nc3 Kd6 1/2-1/2